 Dungeon Crawl Stone Soup version 0.23.2-1-ga50397a6bc (webtiles) character file.

Game seed: 8408397443872430403

35 Gargoyl the Skirmisher (level 3, -3/31 HPs)
             Began as a Centaur Abyssal Knight on May 20, 2019.
             Was a Follower of Lugonu.
             Slain by an ice beast (11 damage)
             ... on level 2 of the Dungeon.
             The game lasted 00:01:45 (1106 turns).

Gargoyl the Skirmisher (Centaur Abyssal Knight)     Turns: 1106, Time: 00:01:47

Health: -3/31      AC:  7    Str: 14    XL:     3   Next: 17%
Magic:  4/4        EV:  8    Int: 11    God:    Lugonu [*.....]
Gold:   77         SH:  0    Dex:  9    Spells: 2/2 levels left

rFire    . . .     SeeInvis .   a - +1 hand axe
rCold    . . .     Gourm    .   (no shield)
rNeg     . . .     Faith    .   e - +2 ring mail
rPois    .         Spirit   .   (no helmet)
rElec    .         Reflect  .   (no cloak)
rCorr    .         Harm     .   (no gloves)
MR       .....                  (no barding)
Stlth    ..........             (no amulet)
HPRegen  0.10/turn              (no ring)
MPRegen  0.09/turn              (no ring)

@: very quick
A: large, hooves 3, deformed body, speed 2, tough skin 3
a: Depart the Abyss, Renounce Religion


You were on level 2 of the Dungeon.
You worshipped Lugonu.
Lugonu was aware of your devotion.
You were not hungry.

You visited 1 branch of the dungeon, and saw 2 of its levels.
You visited the Abyss 1 time.

You collected 77 gold pieces.

Inventory:

Hand Weapons
 a - a +1 hand axe (weapon)
Armour
 e - a +2 ring mail (worn)
Scrolls
 b - 2 scrolls of magic mapping
 d - a scroll of remove curse {unknown}
 f - a scroll of immolation {unknown}
Comestibles
 c - 4 rations


   Skills:
 + Level 3.4 Fighting
 + Level 2.0 Axes
 * Level 1.8 Armour
 * Level 1.0 Dodging
 * Level 2.2 Invocations


You had 2 spell levels left.
You didn't know any spells.
Your spell library was empty.

Dungeon Overview and Level Annotations

Branches:
Dungeon (2/15)

Altars:


Innate Abilities, Weirdness & Mutations

You have hooves in place of feet.
Armour fits poorly on your strangely shaped body.
You cover ground very quickly.
You have extremely tough skin. (AC +3)


Message History

The ice beast hits you but does no damage.
You hit the ice beast but do no damage.
The ice beast is lightly wounded.
The ice beast hits you but does no damage.
You barely miss the ice beast.
The ice beast is lightly wounded.
The ice beast hits you. The ice beast freezes you!
* * * LOW HITPOINT WARNING * * *
The ice beast hits you but does no damage.
You hit the ice beast but do no damage. You kick the ice beast!
The ice beast is moderately wounded.
The ice beast completely misses you.
Unknown command.
You hit the ice beast but do no damage.
You kick the ice beast, but do no damage.
The ice beast is moderately wounded.
The ice beast hits you.
* * * LOW HITPOINT WARNING * * *
The ice beast freezes you!
You die...

#.#......##.##.......#..#
#...........#..########..
#..........##..# #.
...#.......##.#########
.#.#...................
...##†).......#######..
.#.#........#.##
.()............#####.#
........>....[..@Y...#
............)........#
.#...#.........<..##....
.#...####..(......# ###
.#..... #.........#
.....#..#.........#
#[...##.#.........# .....
...........# ...#.


You could see an ice beast.

Vanquished Creatures
  An adder (D:2)
  A worm (D:2)
  A leopard gecko (D:2)
  A ball python (D:1)
  A goblin (D:2)
  4 hobgoblins (D:1)
  4 kobolds
  4 bats (D:1)
  3 frilled lizards
  3 rats (D:1)
23 creatures vanquished.

Notes
Turn   | Place    | Note
-------+----------+-------------------------------------------
     0 | Abyss:1  | Gargoyl the Centaur Abyssal Knight began the quest for the
                  | Orb.
     0 | Abyss:1  | Reached XP level 1. HP: 19/19 MP: 2/2
    89 | Abyss:1  | Noticed a hellwing
    92 | Abyss:1  | Noticed a small abomination
    92 | Abyss:1  | Noticed a large abomination
    96 | D:1      | Escaped the Abyss
   358 | D:1      | Reached XP level 2. HP: 26/26 MP: 3/3
   424 | D:1      | Reached * piety under Lugonu
   843 | D:2      | Reached skill level 1 in Dodging
  1014 | D:2      | Reached XP level 3. HP: 29/31 MP: 4/4
  1096 | D:2      | Noticed an ice beast
  1106 | D:2      | Slain by an ice beast

Skill      XL: |  1  2 |
---------------+-------+-----
Axes           | 2 |  2.0
Dodging        | 1 |  1.0
Fighting       | |  3.4
Armour         | |  1.8
Invocations    | |  2.2

Action                   || total
-------------------------++-------
Melee: Hand axe          ||    66
       Kick              ||    15
Invok: Depart the Abyss  ||     1
  Use: Scroll            ||     3
       Potion            ||     3
Armor: Ring mail         ||    33
Dodge: Dodged            ||    25
